 Dungeon Crawl Stone Soup version 0.28-a0-883-gc8d7bad45d (webtiles) character file.

Game seed: 6292825764950892251

2345 mcbry74 the Cleaver (level 9, -5/79 HPs)
             Began as a Hill Orc Fighter on Nov 21, 2021.
             Was a Priest of the Shining One.
             Shot with an arrow by a centaur (7 damage)
             ... on level 6 of the Dungeon.
             The game lasted 00:20:20 (6166 turns).

mcbry74 the Cleaver (Hill Orc Fighter)              Turns: 6166, Time: 00:20:21

Health: -5/79      AC:  7    Str: 20    XL:     9   Next: 43%
Magic:  13/13      EV:  9    Int: 10    God:    the Shining One [***...]
Gold:   304        SH:  6    Dex: 16    Spells: 8/8 levels left

rFire   . . .      SeeInvis .   w - +3 war axe (holy)
rCold   + . .      Faith    .   c - +1 buckler
rNeg    + . .      Spirit   .   b - +0 scale mail
rPois   .          Reflect  .   (no helmet)
rElec   .          Harm     .   (no cloak)
rCorr   .          Rampage  .   (no gloves)
Will    .....                   (no boots)
Stlth   ..........              (no amulet)
HPRegen 0.23/turn               e - +6 ring of dexterity
MPRegen 0.13/turn               r - ring of protection from cold

@: glowing
A: no striking features
a: Renounce Religion, Divine Shield, Cleansing Flame


You were on level 6 of the Dungeon.
You worshipped the Shining One.
The Shining One was most pleased with you.
You visited 1 branch of the dungeon, and saw 6 of its levels.

You collected 304 gold pieces.

Inventory:

Hand Weapons
 a - a +0 war axe
 h - a +0 war axe
 i - a +2 hand axe of electrocution
 t - a +2 flail of protection
 w - a +3 war axe of holy wrath (weapon)
Missiles
 k - 201 stones
 l - 4 boomerangs (quivered)
 v - 4 javelins
 z - 26 poisoned darts
Armour
 b - a +0 scale mail (worn)
 c - a +1 buckler (worn)
Jewellery
 e - a +6 ring of dexterity (left hand)
 r - a ring of protection from cold (right hand)
Wands
 x - a wand of polymorph (7)
Scrolls
 o - a scroll of fog
Potions
 d - a potion of might
 f - a potion of haste
 g - a potion of invisibility {unknown}
 j - a potion of cancellation {unknown}
 m - 3 potions of brilliance
 p - a potion of heal wounds
 q - 2 potions of flight
 s - 2 potions of resistance
 u - 2 potions of attraction
 A - 2 potions of magic


   Skills:
 - Level 7.5 Fighting
 + Level 8.0(8.9) Axes
 + Level 4.9(6.5) Maces & Flails
 + Level 4.8 Throwing
 - Level 4.0 Armour
 - Level 4.0 Shields
 + Level 6.6 Invocations


You had 8 spell levels left.
You didn't know any spells.
Your spell library contained the following spells:

 Spells                   Type           Power      Damage    Failure   Level
 Slow                     Hex            0%         N/A       71%         1
 Confusing Touch          Hex            0%         N/A       97%         3
 Stone Arrow              Conj/Erth      0%         3d7       97%         3
 Animate Armour           Summ/Erth      0%         N/A       100%        4
 Yara's Violent Unravell  Hex/Tmut       0%         3d3       100%        5
 Lehudib's Crystal Spear  Conj/Erth      0%         10d2      100%        8


Dungeon Overview and Level Annotations

Branches:
Dungeon (6/15)             Temple (0/1) D:5

Altars:
Sif Muna
Wu Jian
The Shining One

Shops:
D:2 *   D:4 *


Message History

There is an open door, spattered with blood here.
The centaur shoots an arrow.
The arrow barely misses you.
The centaur shoots an arrow.
You block the arrow.
The centaur shoots an arrow.
The arrow barely misses you.
The centaur shoots an arrow.
The arrow hits you!
The centaur shoots an arrow.
You block the arrow.
The centaur shoots an arrow.
You block the arrow.
The centaur shoots an arrow.
The arrow hits you!
* * * LOW HITPOINT WARNING * * *
The centaur shoots an arrow.
The arrow hits you but does no damage.
The centaur shoots an arrow.
You block the arrow.
The centaur shoots an arrow.
The arrow closely misses you.
The centaur shoots an arrow.
You block the arrow.
The centaur shoots an arrow.
The arrow hits you.
* * * LOW HITPOINT WARNING * * *
The centaur shoots an arrow.
The arrow barely misses you.
The centaur shoots an arrow.
The arrow hits you.
* * * LOW HITPOINT WARNING * * *
The centaur shoots an arrow.
The arrow barely misses you.
The centaur shoots an arrow.
The arrow barely misses you.
The centaur shoots an arrow.
The arrow hits you but does no damage.
The centaur shoots an arrow.
The arrow hits you!
* * * LOW HITPOINT WARNING * * *
The centaur wields a +0 shortbow.
The centaur shoots an arrow.
The arrow completely misses you.
The centaur shoots an arrow.
The arrow hits you but does no damage.
You feel much better.
The centaur shoots an arrow.
The arrow barely misses you.
The centaur shoots an arrow.
The arrow hits you!
* * * LOW HITPOINT WARNING * * *
The centaur shoots an arrow.
The arrow hits you.
* * * LOW HITPOINT WARNING * * *
The centaur shoots an arrow.
The arrow hits you!
* * * LOW HITPOINT WARNING * * *
The centaur shoots an arrow.
The arrow hits you.
* * * LOW HITPOINT WARNING * * *
The centaur shoots an arrow.
You block the arrow.
The centaur shoots an arrow.
The arrow hits you but does no damage.
The centaur shoots an arrow.
The arrow hits you. The Shining One protects you from harm!
The centaur shoots an arrow.
The arrow hits you!
You die...

≈≈≈. #.#....≈≈≈≈.#...............
≈≈≈..#'#.c.≈≈≈≈≈.#...............
≈≈≈.....cc.≈≈≈≈≈.#...............
≈≈≈≈....cc≈≈≈≈≈≈.#...............
≈≈≈≈≈≈cc≈≈≈≈≈≈≈≈.#...............
≈≈≈≈≈≈≈≈≈≈≈≈≈≈..#...............
≈≈≈≈≈≈≈≈≈≈≈.....#...............
. ≈≈≈≈≈≈≈..#.....#...............
≈≈≈.....'....@'...............
..##.....#.....#...............
#...#......#.....#...............
....#......#######...............
....#......# #...............
....#......# #.....#####.....
#####......# #...............
......###### #...############
......# #..#............


You could see 3 centaurs.

Vanquished Creatures
  Sigmund (D:6)
  A wyvern (D:6)
  A swamp worm (D:5)
  Duvessa (D:4)
  A black bear (D:5)
  An ice beast (D:5)
  2 sky beasts
  A necrophage (D:6)
  2 ogres
  The ghost of Stil the Chiller, an amateur DEIE (D:3)
  2 water moccasin zombies (D:5)
  4 scorpions
  Dowan (D:4)
  2 water moccasin skeletons (D:6)
  A centaur zombie (D:5)
  An orc priest (D:3)
  A jelly (D:5)
  A bullfrog skeleton (D:6)
  2 centaur skeletons
  3 hounds
  Jessica (D:2)
  3 iguanas (D:4)
  4 orc wizards
  A hound zombie (D:5)
  5 adders
  A howler monkey skeleton (D:5)
  A shadow imp (D:6)
  2 white imps
  2 adder skeletons (D:4)
  4 worms
  2 dart slugs (D:3)
  11 orcs
  5 endoplasms
  6 giant cockroaches
  3 goblins
  6 hobgoblins
  A jackal (D:5)
  3 kobolds
  4 quokkas
  4 ball pythons
  5 bats
  3 frilled lizards
  6 rats
113 creatures vanquished.

Notes
Turn   | Place    | Note
-------+----------+-------------------------------------------
     0 | D:1      | mcbry74 the Hill Orc Fighter began the quest for the Orb.
     0 | D:1      | Reached XP level 1. HP: 19/19 MP: 1/1
   396 | D:1      | Reached skill level 3 in Axes
   404 | D:1      | Reached XP level 2. HP: 27/27 MP: 2/2
  1118 | D:2      | Reached XP level 3. HP: 25/33 MP: 3/3
  1245 | D:2      | Reached XP level 4. HP: 37/40 MP: 4/4
  1270 | D:2      | Found Hekhette's Assorted Antiques.
  1302 | D:2      | Reached skill level 4 in Axes
  1536 | D:2      | Noticed Jessica
  1537 | D:2      | Killed Jessica
  1538 | D:2      | Reached skill level 1 in Throwing
  1647 | D:3      | Reached XP level 5. HP: 44/46 MP: 5/5
  1671 | D:3      | Found a faded altar of an unknown god.
  1678 | D:3      | Prayed at the altar of an unknown god.
  1678 | D:3      | Became a worshipper of the Shining One
  1678 | D:3      | Reached * piety under the Shining One
  2028 | D:3      | Reached skill level 5 in Axes
  2056 | D:3      | Reached skill level 1 in Invocations
  2152 | D:3      | Reached XP level 6. HP: 34/53 MP: 6/6
  2271 | D:3      | Found a runed translucent door.
  2272 | D:3      | Noticed Stil's ghost (amateur DEIE)
  2292 | D:3      | Killed Stil's ghost
  2301 | D:3      | Found a runed translucent door.
  2743 | D:4      | Reached skill level 5 in Fighting
  2743 | D:4      | Reached skill level 1 in Maces & Flails
  2924 | D:4      | Reached XP level 7. HP: 54/61 MP: 8/8
  2973 | D:4      | Found Meamnotz's Overcharged Wands.
  2999 | D:4      | Noticed Duvessa
  2999 | D:4      | Noticed Dowan
  3034 | D:4      | Killed Duvessa
  3045 | D:4      | Killed Dowan
  3269 | D:4      | Reached ** piety under the Shining One
  3631 | D:4      | Found an ornate altar of the Wu Jian Council.
  3736 | D:5      | Entered Level 5 of the Dungeon
  3736 | D:5      | Found a staircase to the Ecumenical Temple.
  3751 | D:5      | Reached XP level 8. HP: 70/70 MP: 9/11
  4140 | D:5      | Noticed a two-headed ogre
  4141 | D:5      | a two-headed ogre changed into a swamp worm
  4151 | D:5      | Reached skill level 5 in Invocations
  4637 | D:5      | Reached skill level 6 in Axes
  5090 | D:5      | Found a shimmering blue altar of Sif Muna.
  5164 | D:6      | Reached XP level 9. HP: 68/79 MP: 13/13
  5254 | D:6      | Reached skill level 7 in Axes
  5298 | D:6      | Reached *** piety under the Shining One
  5544 | D:6      | Noticed Sigmund
  5554 | D:6      | Killed Sigmund
  5732 | D:6      | Reached skill level 8 in Axes
  6164 | D:6      | HP: 1/79 [centaur/arrow (10)]
  6166 | D:6      | The Shining One protects you from harm!
  6166 | D:6      | Shot with an arrow by a centaur

Illustrated notes

Levels and vault maps discovered:
D:1:      matt_arrival_spirals, layout_loops_ring, serial_bayou_crossing
D:2:      layout_basic, serial_shops,
          nicolae_shop_temple_entry_statues_fountains, uniq_jessica
D:3:      layout_loops_ring, ebering_ecumenical_altar_ruins,
          ebering_ghost_sewer_f
D:4:      layout_loops_ring, lemuel_doored_altar,
          nicolae_shop_overcharged_wands, uniq_duvessa
D:5:      layout_rooms, general_overflow_altar, minmay_temple_entry_wispy,
          chequers_mini_garden, minmay_bent
D:6:      layout_gridville, hangedman_abyss_or_decor_lesser_grid,
          minmay_hedge_maze, minmay_curled_crystal, st_stairs_2, centaur_isle,
          uniq_sigmund

Skill      XL: |  1  2  3  4  5  6  7  8  9 |
---------------+----------------------------+-----
Axes           | 3 4 5 6 8 |  8.0
Fighting       | 4 5 7 |  7.5
Throwing       | 1 2 3 4 |  4.8
Shields        | 4 |  4.0
Armour         | 4 |  4.0
Invocations    | 1 2 4 5 6 |  6.6
Maces & Flails | 1 3 4 |  4.9

Action                   |  1- 3 |  4- 6 |  7- 9 || total
-------------------------+-------+-------+-------++-------
Melee: War axe           |    43 |   108 |   137 ||   288
       Flail             |       |    17 |       ||    17
       Hand axe          |       |       |    14 ||    14
Throw: Boomerang         |       |    14 |    22 ||    36
Invok: Divine Shield     |       |       |     1 ||     1
Evoke: Wand              |       |       |     1 ||     1
  Use: Scroll            |       |       |    15 ||    15
       Potion            |       |       |     2 ||     2
Armor: Scale mail        |    15 |    32 |    60 ||   107
Dodge: Dodged            |    16 |    40 |    65 ||   121
Block: Buckler           |     9 |    23 |    55 ||    87

Table legend: (Time is in decaauts)
 A = Elapsed time spent in this place.
 B = Non-inter-level travel time spent in this place.
 C = Inter-level travel time spent in this place.
 D = Time resting spent in this place.
 E = Time spent auto-exploring this place.
 F = Levels seen in this place.
 G = Mean time per level.
                   A        B        C        D        E       F      G
               +--------+--------+--------+--------+--------+-----+--------+
         Total |   6258 |   6159 |     99 |   1555 |   3468 |   6 | 1043.0 |
       Dungeon |   6258 |   6159 |     99 |   1555 |   3468 |   6 | 1043.0 |
               +--------+--------+--------+--------+--------+-----+--------+

Top non-repeatable levels by time:
     D:5: 1391 daAuts
     D:3: 1156 daAuts
     D:6: 1051 daAuts
     D:4: 1012 daAuts
     D:1: 921 daAuts
     D:2: 724 daAuts
